 Dungeon Crawl Stone Soup version 0.23.1-38-g628c18f (console) character file.

Game seed: 605993092765437658

151178 jt the Bludgeoner (level 17, -4/101 HPs)
             Began as an Octopode Monk on Mar 27, 2019.
             Was an Initiate of Gozag.
             Killed from afar by a thorn hunter (26 damage)
             ... with a volley of thorns
             ... on level 3 of the Swamp on Mar 28, 2019.
             The game lasted 02:44:37 (40074 turns).

jt the Bludgeoner (Octopode Monk)                  Turns: 40074, Time: 02:44:37

Health: -4/101     AC:  3    Str: 13    XL:     17   Next: 55%
Magic:  28/28      EV: 20    Int: 24    God:    Gozag
Gold:   2893       SH: 29    Dex: 18    Spells: 18/25 levels left

rFire    + + .     SeeInvis +   I - +5 morningstar {venom, rElec rPois Int-2 Dex+4}
rCold    + . .     Gourm    .   L - +2 large shield of the Lobster {rCorr Int+2}
rNeg     + . .     Faith    .   k - +2 hat of Shadows and Fog {rCorr Int+4}
rPois    +         Spirit   .   y - brooch of Shielding {Reflect SH+8}
rElec    +         Reflect  +   Q - ring of protection from fire
rCorr    +         Harm     .   R - +5 ring of intelligence
MR       ++...     Rnd*Tele +   Y - ring of see invisible
Stlth    +++++++...             J - ring of positive energy
HPRegen  0.66/turn              j - ring of protection from cold
MPRegen  0.21/turn              P - ring of protection from fire
                                E - +4 ring of evasion
                                N - ring of protection from magic

@: no status effects
A: almost no armour, stealthy swim, amphibious, 8 rings, constrict 8, camouflage
1, frail 1, mutation resistance 1, regeneration 1, teleportitis 1, weak 1,
gelatinous body 1
a: Potion Petition, Call Merchant, Bribe Branch, Renounce Religion


You were on level 3 of the Swamp.
You worshipped Gozag.
Gozag was most pleased with you.
You were not hungry.

You visited 8 branches of the dungeon, and saw 33 of its levels.
You also visited: Gauntlet.

You collected 11060 gold pieces.
You spent 2606 gold pieces at shops.
You paid 5561 gold pieces to Gozag.

Inventory:

Hand Weapons
 v - a +0 blowgun
 I - the +5 morningstar "Ejadenin" (weapon) {venom, rElec rPois Int-2 Dex+4}
   (You bought it in a shop on level 12 of the Dungeon)

   It poisons the flesh of those it strikes.
   It affects your intelligence (-2).
   It affects your dexterity (+4).
   It insulates you from electricity.
   It protects you from poison.
 S - a +3 dagger of distortion
 U - a +0 antimagic spear
Missiles
 c - 2 curare-tipped needles
 p - 58 tomahawks
 u - 6 javelins of penetration
 x - 4 javelins
 z - 12 poisoned javelins (quivered)
Armour
 k - the +2 hat of Shadows and Fog (worn) {rCorr Int+4}
   (You found it in a Gauntlet)

   It affects your intelligence (+4).
   It provides partial protection from all sources of acid and corrosion.
 L - the +2 large shield of the Lobster (worn) {rCorr Int+2}
   (You bought it in a shop on level 3 of the Snake Pit)

   It affects your intelligence (+2).
   It provides partial protection from all sources of acid and corrosion.
Magical Staves
 f - an uncursed staff of poison {unknown}
 g - an uncursed staff of conjuration {unknown}
Jewellery
 d - an uncursed ring of ice
 j - a ring of protection from cold (on tentacle)
 q - a cursed ring of protection from fire
 y - the brooch of Shielding (around mantle) {Reflect SH+8}
   (You found it on level 15 of the Dungeon)

   [amulet of reflection]

   It shields you and reflects attacks.
   It affects your SH (+8).
 C - an uncursed amulet of magic regeneration
 E - a +4 ring of evasion (on tentacle)
 J - a ring of positive energy (on tentacle)
 N - a ring of protection from magic (on tentacle)
 P - a ring of protection from fire (on tentacle)
 Q - a ring of protection from fire (left tentacle)
 R - a +5 ring of intelligence (right tentacle)
 W - an uncursed ring of poison resistance
 X - an uncursed ring of resist corrosion
 Y - a ring of see invisible (on tentacle)
Wands
 l - a wand of disintegration (18)
 r - a wand of polymorph (7)
 s - a wand of paralysis (11)
 F - a wand of flame (70)
 K - a wand of random effects (39)
 V - a wand of iceblast (17)
Scrolls
 a - 2 scrolls of magic mapping
 h - 9 scrolls of identify
 t - a scroll of immolation
 A - 12 scrolls of teleportation
 D - 10 scrolls of remove curse
Potions
 b - 3 potions of invisibility
 e - 5 potions of brilliance
 i - 3 potions of lignification
 m - 3 potions of curing
 n - 4 potions of magic
 o - a potion of agility
 B - a potion of haste
 G - 2 potions of ambrosia
 H - a potion of might
 O - 2 potions of flight
Miscellaneous
 M - a lightning rod (4/4)
 T - a fan of gales
 Z - a phial of floods
Comestibles
 w - 13 rations


   Skills:
 + Level 9.4 Fighting
 - Level 16.0 Maces & Flails
 - Level 2.0 Throwing
 + Level 6.5 Dodging
 - Level 12.3 Stealth
 + Level 15.2 Shields
 - Level 2.2 Unarmed Combat
 + Level 4.5 Spellcasting
 + Level 3.3 Charms
 + Level 3.3 Summonings
 + Level 3.3 Translocations
 - Level 3.4 Air Magic
 - Level 4.2 Poison Magic
 + Level 14.8 Evocations


You had 18 spell levels left.
You knew the following spells:

 Your Spells              Type           Power        Failure   Level  Hunger
a - Poisonous Vapours     Pois/Air       ###...       11%         2    None
b - Swiftness             Chrm/Air       ###.....     12%         2    None
c - Summon Butterflies    Summ           ###.....     9%          1    None
d - Blink                 Tloc           N/A          12%         2    None

Your spell library contained the following spells:

 Spells                   Type           Power        Failure   Level  Hunger
 Apportation              Tloc           ###...       9%          1    None
 Call Imp                 Summ           ###.....     13%         2    None
 Shock                    Conj/Air       ##..         16%         1    None
 Lesser Beckoning         Tloc           ###.......   24%         3    ##.....
 Flame Tongue             Conj/Fire      #....        32%         1    None
 Freeze                   Ice            #...         32%         1    None
 Magic Dart               Conj           #...         32%         1    None
 Sandblast                Erth           #.....       32%         1    None
 Mephitic Cloud           Conj/Pois/Air  ###.....     34%         3    ##.....
 Static Discharge         Conj/Air       ##......     43%         3    ##.....
 Passwall                 Tmut/Erth      #.......     45%         2    None
 Slow                     Hex            #.......     45%         2    None
 Throw Flame              Conj/Fire      #.....       45%         2    None
 Throw Frost              Conj/Ice       #.....       45%         2    None
 Ozocubu's Armour         Chrm/Ice       ##......     45%         3    ##.....
 Ignite Poison            Fire/Tmut/Pois ##......     50%         3    ##.....
 Airstrike                Air            ###.......   61%         4    ####...
 Summon Lightning Spire   Summ/Air       ###.....     63%         4    ####...
 Conjure Flame            Conj/Fire      #.......     69%         3    ##.....
 Inner Flame              Hex/Fire       #.......     69%         3    ##.....
 Stone Arrow              Conj/Erth      #.....       69%         3    ##.....
 Tukima's Dance           Hex            #.......     69%         3    ##.....
 Summon Ice Beast         Ice/Summ       ##......     86%         4    ####...
 Cause Fear               Hex            #.........   97%         4    ####...
 Petrify                  Tmut/Erth      #.......     97%         4    ####...
 Sticky Flame             Conj/Fire      #.......     97%         4    ####...
 Throw Icicle             Conj/Ice       #.......     97%         4    ####...
 Alistair's Intoxication  Tmut/Pois      ###.....     98%         5    #####..
 Lightning Bolt           Conj/Air       ##........   99%         5    #####..
 Silence                  Hex/Air        ##........   99%         5    #####..
 Fireball                 Conj/Fire      #.........   100%        5    #####..
 Lee's Rapid Deconstruct  Erth           #.........   100%        5    #####..
 Bolt of Fire             Conj/Fire      #.........   100%        6    #######
 Conjure Ball Lightning   Conj/Air       ##........   100%        6    #######
 Deflect Missiles         Chrm/Air       ###.......   100%        6    #######
 Freezing Cloud           Conj/Ice/Air   ##........   100%        6    #######
 Invisibility             Hex            #.......     100%        6    #######
 Dragon Form              Tmut           #.........   100%        7    #######
 Malign Gateway           Summ/Tloc      ###.......   100%        7    #######
 Monstrous Menagerie      Summ           ###.......   100%        7    #######
 Ring of Flames           Chrm/Fire      ##........   100%        7    #######
 Summon Greater Demon     Summ           ###.......   100%        7    #######
 Ignition                 Fire           #.........   100%        8    #######
 Summon Horrible Things   Summ           ###.......   100%        8    #######
 Dragon's Call            Summ           ###.......   100%        9    #######
 Tornado                  Air            ###.......   100%        9    #######


Dungeon Overview and Level Annotations

Branches:
Dungeon (15/15)            Temple (1/1) D:7            Lair (6/6) D:11
  Swamp (3/4) Lair:2        Snake (4/4) Lair:2        Slime (0/5) Lair:6
    Orc (2/2) D:10            Elf (1/3) Orc:2        Vaults (0/5) D:14
 Depths (1/5) D:15

Altars:
Cheibriados
Dithmenos
Elyvilon
Gozag
Hepliaklqana
Okawaru
Qazlal
Sif Muna
Trog
The Shining One
Jiyva

Shops:
D:7 ?   D:8 }   D:12 (?   D:14 %:   Orc:1 [   Orc:2 %[[*   Lair:5 [[
Snake:2 *((   Snake:3 ?[   Snake:4 (

Annotations:
Lair:1 exclusion: oklob plant
Lair:3 exclusion: hydra
Lair:6 3 runed translucent doors, exclusion: 2 oklob plants, EtherCrawl's ghost, journeyman GnAr


Innate Abilities, Weirdness & Mutations

You cannot wear most types of armour.
You are very stealthy in the water. (Stealth+)
You are amphibious.
You can wear up to eight rings at the same time.
You can use your tentacles to constrict eight enemies at once.
Your skin changes colour to match your surroundings (Stealth+).
Your rubbery body absorbs attacks. (AC +1, EV +1)
You are frail. (-10% HP)
You are somewhat resistant to further mutation.
Your natural rate of healing is unusually fast.
You are occasionally teleported next to monsters.
You are weak. (Str -2)


Message History

You squeeze the thorn hunter!
The thorn hunter is lightly damaged.
The thorn hunter fires a volley of thorns at you.
The volley of thorns hits you!!
You puncture the thorn hunter!
The thorn hunter is moderately damaged.
You closely miss the thorn hunter.
The thorn hunter is moderately damaged.
You block the thorn hunter's attack. The thorn hunter completely misses you.
You hit the thorn hunter but do no damage.
The thorn hunter is moderately damaged.
The thorn hunter fires a volley of thorns at you.
The volley of thorns hits you!!
* * * LOW HITPOINT WARNING * * *
You impale the thorn hunter!! Your squeeze misses the thorn hunter.
The thorn hunter is heavily damaged.
The thorn hunter fires a volley of thorns at you.
The volley of thorns hits you!!
You die...
Your body crumbles into a pile of gold.

♣....≈≈.♣.≈≈≈≈≈.♣♣
♣.≈≈≈..≈≈≈≈≈.≈♣♣♣
♣.≈≈≈.♣..≈..≈≈≈≈♣ ♣♣♣♣
♣♣♣≈♣♣♣♣.....≈≈≈≈
♣.≈≈♣♣♣≈..≈♣♣≈.≈....≈≈
♣.≈≈.....≈.♣♣♣♣♣≈....≈
♣♣(.....≈♣≈♣ ♣♣≈≈≈..
♣≈≈≈≈≈≈≈♣♣♣ ♣.≈≈..
♣≈≈≈@≈≈≈.♣♣ ♣≈..≈.
♣♣.≈≈f≈≈≈≈≈≈ ♣♣♣♣♣≈
♣≈.≈≈≈≈≈≈≈≈≈ ♣♣
♣♣.≈≈≈≈..≈≈. ♣♣
♣.≈≈≈≈≈..... ♣♣≈
♣.≈≈≈≈≈.♣... ♣.≈
♣..≈≈≈≈...♣ ♣.≈
♣♣..≈≈≈≈≈. ♣♣.≈
♣≈≈≈§..≈. ♣.≈≈


You could see a thorn hunter.

Vanquished Creatures
  Mara (Swamp:3)
  A fire giant (Depths:1)
  3 nagarajas (Snake:3)
  A minotaur (Gauntlet)
  Nessos (Lair:6)
  A deep elf death mage (Elf:1)
  2 ogre magi
  A yaktaur captain (D:15)
  The ghost of Uwyelish the Archer, a journeyman CeHu of Okawaru (Lair:1)
  10 naga warriors
  The ghost of Ogunuacw the Carver, a journeyman MiBe of Trog (Lair:1)
  A catoblepas (D:14)
  8 hydras
  3 shambling mangroves
  The ghost of Xaytacwe the Reanimator, a journeyman GnNe of Cheibriados (Lair:1)
  2 ghost crabs
  3 centaur warriors
  7 alligators
  An anaconda (Snake:1)
  9 two-headed ogres
  An orc high priest (D:10)
  Urug (Orc:2)
  8 shock serpents
  4 naga sharpshooters
  Nergalle (D:10)
  A deep elf knight (Elf:1)
  3 salamander mystics (Snake:3)
  A glowing orange brain (shapeshifter) (D:14)
  An unseen horror (D:11)
  2 spriggan druids (Swamp:2)
  3 naga ritualists
  A deep elf archer (Elf:1)
  A necromancer (Gauntlet)
  3 orc knights
  17 ugly things
  3 mana vipers
  An orc sorcerer (Orc:1)
  10 deep elf magi
  3 cyclopes
  An orb spider (shapeshifter) (D:14)
  2 manticores
  A shining eye (Gauntlet)
  4 guardian serpents
  8 salamanders
  5 elephants (Lair:4)
  Psyche (D:9)
  5 naga magi
  24 black mambas
  2 gargoyles
  A centaur skeleton (D:13)
  14 spiny frogs
  A yaktaur (shapeshifter) (D:14)
  An efreet (D:14)
  3 komodo dragons
  3 meliai (D:14)
  5 hornets
  8 polar bears
  5 tyrant leeches
  Grinder (D:3)
  A wind drake (shapeshifter) (D:15)
  5 bog bodies
  10 blink frogs
  14 dream sheep
  8 hippogriffs
  6 shadows
  A vampire (D:10)
  15 spriggans
  Sigmund (D:3)
  A wraith (D:6)
  3 wyverns
  22 yaks
  2 golden eyes (Gauntlet)
  5 hungry ghosts
  3 basilisks
  22 vampire mosquitoes
  2 wargs (Orc:1)
  Menkaure (D:6)
  21 nagas
  3 soldier ants
  9 swamp worms
  8 insubstantial wisps
  2 acid dragons
  11 water moccasins
  8 porcupines
  3 swamp drakes
  3 black bears
  3 sky beasts
  31 orc warriors
  4 ice beasts
  An eye of draining (D:8)
  A necrophage (D:6)
  3 phantoms
  4 boggarts (Lair:6)
  18 ogres
  24 wolves
  15 centaurs
  12 crocodiles
  5 big kobolds
  13 bullfrogs
  2 gnoll sergeants (D:7)
  A water moccasin zombie (D:8)
  3 wyvern skeletons
  5 killer bees (D:8)
  8 scorpions
  10 wights
  3 howler monkeys
  2 crimson imps
  3 jellies
  A quasit (D:10)
  2 bullfrog zombies
  9 hounds
  4 bullfrog skeletons
  6 centaur zombies
  18 orc priests
  18 orc wizards
  Jessica (D:2)
  5 iguanas
  12 worker ants
  A hound zombie (D:11)
  3 hound skeletons
  A worker ant zombie (D:9)
  14 gnolls
  10 river rats (D:8)
  15 adders
  A howler monkey skeleton (D:6)
  2 shadow imps
  2 oozes
  5 adder skeletons
  2 worms
  11 leopard geckos
  112 orcs
  4 giant cockroaches
  10 goblins
  5 hobgoblins
  8 jackals
  11 quokkas
  2 ball pythons
  7 bats
  7 frilled lizards
  34 kobolds
  A quokka skeleton (D:7)
  A quokka zombie (D:6)
  37 rats
  A butterfly (Lair:5)
962 creatures vanquished.

Vanquished Creatures (collateral kills)
  2 orc sorcerers (Orc:2)
  3 orc warriors (D:12)
  An ogre (Orc:2)
  An orc wizard (Orc:2)
  2 orcs
9 creatures vanquished.

Vanquished Creatures (others)
  A hydra (Swamp:3)
  A centaur warrior (Orc:2)
  A naga sharpshooter (Snake:3)
  A salamander (Snake:1)
  2 insubstantial wisps (Swamp:3)
  7 orc warriors (Orc:2)
  8 centaurs (Orc:2)
  A crocodile (Lair:6)
  6 orcs (Orc:2)
  A hobgoblin (D:2)
  12 fungi
  11 plants
  3 withered plants (Lair:1)
55 creatures vanquished.

Grand Total: 1026 creatures vanquished

Notes
Turn   | Place    | Note
-------+----------+-------------------------------------------
     0 | D:1      | jt the Octopode Monk began the quest for the Orb.
     0 | D:1      | Reached XP level 1. HP: 16/16 MP: 1/1
   221 | D:1      | Reached XP level 2. HP: 21/21 MP: 2/2
   350 | D:2      | Found an opulent altar of Gozag.
   363 | D:2      | Became a worshipper of Gozag Ym Sagoz the Greedy
   470 | D:1      | Reached skill level 4 in Maces & Flails
   830 | D:1      | Reached XP level 3. HP: 26/26 MP: 3/3
  1144 | D:2      | Found a white marble altar of Elyvilon.
  1273 | D:2      | Noticed Jessica
  1281 | D:2      | Killed Jessica
  1281 | D:2      | Reached skill level 1 in Shields
  1281 | D:2      | Reached XP level 4. HP: 31/31 MP: 4/4
  1879 | D:3      | Reached skill level 5 in Maces & Flails
  1901 | D:3      | Reached XP level 5. HP: 31/36 MP: 5/5
  2115 | D:3      | Reached skill level 1 in Evocations
  2115 | D:3      | Noticed Grinder
  2122 | D:3      | Paralysed by Grinder for 4 turns
  2135 | D:3      | Killed Grinder
  2135 | D:3      | Reached XP level 6. HP: 17/42 MP: 5/7
  2476 | D:3      | Found a shadowy altar of Dithmenos.
  2650 | D:3      | Reached XP level 7. HP: 26/46 MP: 4/9
  2794 | D:3      | Noticed Sigmund
  3039 | D:4      | Reached skill level 6 in Maces & Flails
  4194 | D:4      | Got a slimy rapier
  4198 | D:4      | Identified the +7 rapier of Fikk {flame, Int-4 Dex+4} (You
                  | found it on level 4 of the Dungeon)
  4295 | D:4      | Found a snail-covered altar of Cheibriados.
  4345 | D:5      | Entered Level 5 of the Dungeon
  4493 | D:4      | Reached XP level 8. HP: 52/52 MP: 11/11
  4954 | D:5      | Reached skill level 7 in Maces & Flails
  5425 | D:5      | Reached skill level 5 in Shields
  6296 | D:6      | Reached skill level 1 in Throwing
  7028 | D:6      | Reached skill level 5 in Fighting
  7203 | D:5      | Reached XP level 9. HP: 61/61 MP: 12/12
  7584 | D:6      | Reached skill level 8 in Maces & Flails
  8028 | D:7      | Found a staircase to the Ecumenical Temple.
  8037 | Temple   | Entered the Ecumenical Temple
  8130 | D:7      | Found Feehal's Magic Scroll Shoppe.
  8138 | D:7      | Bought a scroll of enchant armour for 90 gold pieces
  8138 | D:7      | Bought a scroll of remove curse for 36 gold pieces
  8138 | D:7      | Bought a scroll of teleportation for 36 gold pieces
  8138 | D:7      | Bought a scroll of blinking for 90 gold pieces
  8576 | D:7      | Found a bloodstained altar of Trog.
  8709 | D:7      | Reached skill level 5 in Evocations
  8923 | D:6      | Found a deep blue altar of Sif Muna.
  9105 | D:6      | Reached XP level 10. HP: 64/69 MP: 11/14
  9123 | D:6      | Noticed Menkaure
  9130 | D:6      | Killed Menkaure
 10041 | D:8      | Reached skill level 9 in Maces & Flails
 10435 | D:8      | Found Akleodonwo's Gadget Boutique.
 10472 | D:8      | Bought a wand of acid (7) for 308 gold pieces
 10472 | D:8      | Bought a wand of scattershot (6) for 420 gold pieces
 10472 | D:8      | Bought a lightning rod (4/4) for 560 gold pieces
 11389 | D:9      | Noticed Psyche
 11403 | D:9      | Killed Psyche
 11691 | D:9      | Noticed a two-headed ogre
 11724 | D:9      | Killed a two-headed ogre
 11897 | D:9      | Reached XP level 11. HP: 72/75 MP: 13/16
 12019 | D:10     | Entered Level 10 of the Dungeon
 12062 | D:9      | Reached skill level 10 in Maces & Flails
 12063 | D:9      | Found a hazy altar of Hepliaklqana.
 12312 | D:9      | Learned a level 2 spell: Poisonous Vapours
 12466 | D:10     | Noticed a two-headed ogre
 12472 | D:10     | Killed a two-headed ogre
 12933 | D:10     | Gained mutation: Your magical capacity is low. (-10% MP)
                  | [potion of mutation]
 12933 | D:10     | Gained mutation: Your natural rate of healing is unusually
                  | fast. [potion of mutation]
 13127 | D:10     | Noticed Nergalle
 13144 | D:10     | Killed Nergalle
 13297 | D:10     | Found a staircase to the Orcish Mines.
 14030 | D:11     | Noticed an unseen horror
 14042 | D:11     | Killed an unseen horror
 14042 | D:11     | Reached skill level 1 in Unarmed Combat
 14277 | D:11     | Found a staircase to the Lair.
 14295 | D:11     | Noticed a purple ugly thing
 14411 | D:11     | Killed a purple ugly thing
 14502 | D:11     | Noticed a manticore
 14527 | Lair:1   | Entered Level 1 of the Lair of Beasts
 14550 | Lair:1   | Reached skill level 11 in Maces & Flails
 14701 | Lair:1   | Reached skill level 10 in Shields
 14849 | Lair:1   | Noticed an oklob plant
 14929 | Lair:1   | Found a runed translucent gate.
 14930 | Lair:1   | Found a runed translucent gate.
 14930 | Lair:1   | Found a runed translucent gate.
 14931 | Lair:1   | Noticed Ogunuacw's ghost (journeyman MiBe)
 14932 | Lair:1   | Noticed Xaytacwe's ghost (journeyman GnNe)
 14932 | Lair:1   | Noticed Uwyelish's ghost (journeyman CeHu)
 14964 | Lair:1   | Reached XP level 12. HP: 56/81 MP: 13/17
 15655 | Lair:2   | Found a staircase to the Swamp.
 15721 | Lair:2   | Reached skill level 10 in Evocations
 15805 | Lair:2   | Found a staircase to the Snake Pit.
 17058 | Lair:3   | Noticed a six-headed hydra
 17146 | Lair:3   | Noticed a five-headed hydra
 17147 | Lair:3   | Killed a five-headed hydra
 17551 | Lair:4   | Reached skill level 12 in Maces & Flails
 18425 | Lair:4   | Reached XP level 13. HP: 62/86 MP: 12/19
 19726 | Lair:6   | Entered Level 6 of the Lair of Beasts
 19757 | Lair:6   | Noticed Nessos
 19769 | Lair:6   | Killed Nessos
 19769 | Lair:6   | Reached skill level 5 in Stealth
 19769 | Lair:6   | Reached skill level 1 in Poison Magic
 19798 | Lair:6   | Reached skill level 1 in Air Magic
 19842 | Lair:6   | Reached skill level 1 in Spellcasting
 20357 | Lair:6   | Found a runed translucent gate.
 20357 | Lair:6   | Found a runed translucent gate.
 20381 | Lair:6   | Noticed a death ooze
 20384 | Lair:6   | Found a runed translucent gate.
 20384 | Lair:6   | Noticed EtherCrawl's ghost (journeyman GnAr)
 20386 | Lair:6   | Found a viscous altar of Jiyva.
 20621 | Lair:6   | HP: 2/86 [spriggan rider/+0 spear (20)]
 21766 | Lair:6   | Found a staircase to the Slime Pits.
 22039 | Orc:1    | Entered Level 1 of the Orcish Mines
 22431 | D:11     | Reached skill level 13 in Maces & Flails
 23019 | D:12     | Found a stormy altar of Qazlal.
 23036 | D:12     | Reached XP level 14. HP: 92/92 MP: 20/20
 23297 | D:12     | You fall through a shaft for 2 floors!
 23349 | D:15     | Entered Level 15 of the Dungeon
 23752 | D:13     | Found a gate leading to a gauntlet.
 23760 | Gauntlet | Entered a Gauntlet
 23760 | Gauntlet | Found a transporter.
 23760 | Gauntlet | Found a runed translucent door.
 23760 | Gauntlet | Found a transporter.
 23762 | Gauntlet | Found a transporter.
 23763 | Gauntlet | Found a transporter.
 23764 | Gauntlet | Found a runed translucent door.
 23766 | Gauntlet | Found a transporter.
 23766 | Gauntlet | Found a transporter.
 23804 | Gauntlet | Found a transporter.
 23806 | Gauntlet | Found a transporter.
 23814 | Gauntlet | Found a transporter.
 23833 | Gauntlet | Found a transporter.
 23844 | Gauntlet | Found a transporter.
 23848 | Gauntlet | Found a transporter.
 23849 | Gauntlet | Found a runed translucent door.
 23997 | Gauntlet | Gained mutation: You are clumsy. (Dex -2) [a shining eye]
 24000 | Gauntlet | Gained mutation: You are occasionally teleported next to
                  | monsters. [a shining eye]
 24002 | Gauntlet | Gained mutation: You are weak. (Str -2) [a shining eye]
 24005 | Gauntlet | Gained mutation: You are very weak. (Str -4) [a shining
                  | eye]
 24007 | Gauntlet | Gained mutation: You are frail. (-10% HP) [a shining eye]
 24166 | Gauntlet | Lost mutation: Your magical capacity is low. (-10% MP)
                  | [potion of mutation]
 24166 | Gauntlet | Lost mutation: You are very weak. (Str -4) [potion of
                  | mutation]
 24166 | Gauntlet | Lost mutation: You are clumsy. (Dex -2) [potion of
                  | mutation]
 24166 | Gauntlet | Gained mutation: You are somewhat resistant to further
                  | mutation. [potion of mutation]
 24176 | Gauntlet | Learned a level 2 spell: Swiftness
 24229 | Gauntlet | Got a blackened hat
 24240 | Gauntlet | Identified the +2 hat of Shadows and Fog {rCorr Int+4} (You
                  | found it in a Gauntlet)
 24385 | Gauntlet | Found the +7 Spriggan's Knife {stab, EV+4 Stlth+}
 25611 | D:12     | Found Cekias's Magic Scroll Shoppe.
 25673 | D:12     | Bought a steaming morningstar for 306 gold pieces
 25673 | D:12     | Identified the +5 morningstar "Ejadenin" {venom, rElec
                  | rPois Int-2 Dex+4} (You bought it in a shop on level 12 of
                  | the Dungeon)
 25779 | D:14     | Reached skill level 10 in Stealth
 25929 | D:14     | Found Foghei's Book Boutique.
 26010 | D:14     | Found Wuuranur's Food Emporium.
 26021 | D:14     | Found a gate to the Vaults.
 26704 | D:14     | Found an iron altar of Okawaru.
 27255 | D:15     | Reached skill level 14 in Maces & Flails
 27401 | D:15     | Reached XP level 15. HP: 79/87 MP: 19/24
 27430 | D:15     | Found the brooch of Shielding {Reflect SH+8}
 27986 | D:15     | Found a staircase to the Depths.
 28065 | Depths:1 | Entered Level 1 of the Depths
 28067 | Depths:1 | Noticed a fire giant
 28126 | D:15     | Upgraded the game from 0.23.1-37-gaa34b87 to
                  | 0.23.1-38-g628c18f
 28493 | Orc:1    | Found Bajewn's Armour Boutique.
 28549 | Orc:2    | Entered Level 2 of the Orcish Mines
 28549 | Orc:2    | Found a staircase to the Elven Halls.
 29174 | D:3      | Killed Sigmund
 29403 | Swamp:1  | Entered Level 1 of the Swamp
 31872 | Swamp:2  | Reached skill level 15 in Maces & Flails
 32336 | Swamp:3  | Reached XP level 16. HP: 33/92 MP: 26/26
 32439 | Swamp:3  | HP: 3/92 [shambling mangrove (17)]
 32444 | Swamp:3  | Noticed Mara
 32453 | Swamp:3  | Noticed a thorn hunter
 32708 | Lair:1   | Killed Ogunuacw's ghost
 32740 | Lair:1   | Killed Uwyelish's ghost
 32768 | Lair:1   | Killed Xaytacwe's ghost
 32995 | Depths:1 | Noticed a storm dragon
 33312 | Orc:2    | Noticed Urug
 33571 | Orc:2    | Killed Urug
 34129 | Orc:2    | Found Ereiwag's Assorted Antiques.
 34131 | Orc:2    | Found Weip's Armour Shop.
 34131 | Orc:2    | Found Qingash's Armour Shoppe.
 34134 | Orc:2    | Found Pikusiav's Food Boutique.
 34146 | Orc:2    | Bought a potion of heal wounds for 115 gold pieces
 34685 | Elf:1    | Entered Level 1 of the Elven Halls
 35097 | Snake:1  | Entered Level 1 of the Snake Pit
 35792 | Snake:1  | Reached skill level 15 in Shields
 36000 | Snake:2  | Reached skill level 5 in Dodging
 36320 | Snake:1  | Learned a level 1 spell: Summon Butterflies
 36323 | Snake:1  | Learned a level 2 spell: Blink
 36345 | Snake:1  | Found a glowing golden altar of the Shining One.
 36439 | Snake:1  | You fall through a shaft!
 36631 | Snake:2  | Found Puim's Weapon Shop.
 36635 | Snake:2  | Found Costrargh's Antique Weapon Boutique.
 36636 | Snake:2  | Found Pezel's General Store.
 36655 | Snake:2  | You fall through a shaft!
 36766 | Snake:3  | Noticed a nagaraja
 36771 | Snake:3  | Noticed a nagaraja
 36782 | Snake:3  | Killed a nagaraja
 36782 | Snake:3  | Reached skill level 1 in Charms
 36782 | Snake:3  | Reached skill level 1 in Summonings
 36782 | Snake:3  | Reached skill level 1 in Translocations
 36919 | Snake:4  | Entered Level 4 of the Snake Pit
 36919 | Snake:4  | Found Oqoperr's Antique Weapon Boutique.
 37094 | Snake:3  | Found Fonkecog's Armour Boutique.
 37102 | Snake:3  | Bought the +2 large shield of the Lobster {rCorr Int+2} for
                  | 375 gold pieces
 37180 | Snake:3  | Killed a nagaraja
 37527 | Snake:2  | Reached XP level 17. HP: 29/99 MP: 27/27
 38135 | Snake:3  | Found Vaseju's Magic Scroll Shop.
 38146 | Snake:3  | Bought a scroll of blinking for 135 gold pieces
 38146 | Snake:3  | Bought a scroll of blinking for 135 gold pieces
 39824 | Swamp:3  | Noticed jt's illusion
 39825 | Swamp:3  | Killed Mara
 39825 | Swamp:3  | Reached skill level 16 in Maces & Flails
 40074 | Swamp:3  | Killed from afar by a thorn hunter

Skill      XL: |  1  2  3  4  5  6  7  8  9 10 11 12 13 14 15 16 17 |
---------------+----------------------------------------------------+-----
Maces & Flails | 4 5 6 7 8 9 11 12 13 14 15 16 | 16.0
Shields        | 1 3 4 5 7 8 10 11 12 13 14 15 | 15.2
Evocations     | 2 3 4 5 7 9 11 12 13 14 | 14.8
Fighting       | 5 6 7 8 9 |  9.4
Throwing       | 2 |  2.0
Dodging        | 4 5 6 |  6.5
Unarmed Combat | 2 |  2.2
Stealth        | 4 8 11 12 | 12.3
Poison Magic   | 4 |  4.2
Air Magic      | 3 |  3.4
Spellcasting   | 3 4 |  4.5
Charms         | 1 3 |  3.3
Summonings     | 1 3 |  3.3
Translocations | 1 3 |  3.3

Action                   |  1- 3 |  4- 6 |  7- 9 | 10-12 | 13-15 | 16-18 || total
-------------------------+-------+-------+-------+-------+-------+-------++-------
Melee: Mace              |    78 |    71 |     7 |       |       |       ||   156
       Constrict         |    25 |    16 |    74 |   108 |   157 |    75 ||   455
       Tentacles         |    18 |    12 |    65 |   133 |   319 |   192 ||   739
       Morningstar       |       |       |   303 |   567 |  1301 |   738 ||  2909
       Flail             |       |       |       |   154 |       |       ||   154
       Punch             |       |       |       |     8 |    27 |    11 ||    46
 Fire: Blowgun           |       |       |    38 |    23 |       |       ||    61
Throw: Stone             |       |     1 |    33 |       |       |       ||    34
       Tomahawk          |       |       |    34 |   119 |   155 |    24 ||   332
       Javelin           |       |       |       |       |       |    94 ||    94
 Cast: Poisonous Vapours |       |       |       |       |    10 |       ||    10
Invok: Potion Petition   |       |     1 |       |     1 |     2 |     3 ||     7
       Call Merchant     |       |       |       |       |     3 |       ||     3
Evoke: Wand              |       |     4 |     4 |    11 |    35 |    12 ||    66
       Lightning rod     |       |       |       |     9 |    22 |     8 ||    39
       Phial of floods   |       |       |       |       |     2 |     1 ||     3
       Fan of gales      |       |       |       |       |     2 |       ||     2
  Use: Scroll            |       |       |     5 |     6 |    16 |     9 ||    36
       Potion            |       |       |     1 |    11 |     8 |     8 ||    28
 Stab: Sleeping          |     8 |     9 |    17 |    16 |    34 |     9 ||    93
       Distracted        |       |       |     2 |     2 |     7 |     9 ||    20
       Paralysed         |       |       |       |     6 |     5 |     2 ||    13
       Invisible         |       |       |       |     6 |       |       ||     6
       Petrifying        |       |       |       |       |     2 |       ||     2
  Eat: Ration            |     1 |     1 |     6 |    11 |    14 |     7 ||    40
Armor: Skin              |     5 |       |    12 |    47 |    38 |    17 ||   119
Dodge: Dodged            |    53 |    36 |   138 |   259 |   481 |   188 ||  1155
Block: Buckler           |     1 |    10 |    18 |       |       |       ||    29
       Shield            |       |       |    94 |   448 |   934 |   469 ||  1945
       Reflection        |       |       |       |       |     8 |   207 ||   215
       Large shield      |       |       |       |       |       |   339 ||   339
